 Dungeon Crawl Stone Soup version 0.30-a0-760-g5a9884bb7c (webtiles) character file.

Game seed: 2886952341583115894

39 theblackgale the Firebug (level 3, -2/21 HPs)
             Began as a Demonspawn Fire Elementalist on Feb 10, 2023.
             Killed by nerve-wracking pain
             ... invoked by Jessica
              (12 damage)
             ... on level 2 of the Dungeon.
             The game lasted 00:07:11 (420 turns).

theblackgale the Firebug (DsFE)                      Turns: 420, Time: 00:07:12

Health: -2/21      AC:  2    Str:  8    XL:     3   Next: 26%
Magic:  4/6        EV: 12    Int: 18    God:
Gold:   25         SH:  0    Dex: 13    Spells: 5/6 levels left

rFire   + . .      SeeInvis .    d - +3 mace (chaos)
rCold   + . .      Faith    .    (no shield)
rNeg    . . .      Spirit   .    a - +0 robe
rPois   +          Reflect  .    (no helmet)
rElec   +          Harm     .    (no cloak)
rCorr   +          Rampage  .    (no gloves)
Will    .....                    (no boots)
Stlth   ++                       (no amulet)
HPRegen 0.23/turn                (no ring)
MPRegen 0.10/turn                (no ring)

@: resistant
A: foul stench 1, frail 1
a: no special abilities


You were on level 2 of the Dungeon.
You visited 1 branch of the dungeon, and saw 2 of its levels.

You collected 25 gold pieces.

Inventory:

Hand Weapons
 d - a +3 mace of chaos (weapon)
Armour
 a - a +0 robe (worn)
Wands
 g - a wand of paralysis (6) (quivered)
Potions
 c - a potion of curing
 f - a potion of heal wounds


   Skills:
 + Level 0.2 Fighting
 + Level 1.8 Dodging
 + Level 2.0 Stealth
 + Level 0.5 Unarmed Combat
 + Level 2.3 Spellcasting
 + Level 1.5 Conjurations
 + Level 3.2 Fire Magic


You had 5 spell levels left.
You knew the following spells:

 Your Spells              Type           Power      Damage    Failure   Level
a - Foxfire               Conj/Fire      40%        2x1d6     7%          1

Your spell library contained the following spells:

 Spells                   Type           Power      Damage    Failure   Level
 Scorch                   Fire           26%        2d6       7%          2
 Inner Flame              Hex/Fire       7%         N/A       26%         3
 Kindle Blastsparks       Fire/Tloc/Air  10%        2d10      34%         3
 Flame Wave               Conj/Fire      10%        2d6       54%         4


Dungeon Overview and Level Annotations

Branches:
Dungeon (2/15)

Altars:

Annotations:
D:2 Jessica


Innate Abilities, Weirdness & Mutations

You may rarely emit foul miasma when damaged in melee.
You are frail. (-10% HP)


Message History

Your foxfire dissipates!
You hit the rat. You freeze the rat.
You kill the rat!
The ball python bites you.
You emit a cloud of foul miasma!
The ball python barely misses you.
The ball python is engulfed in dark miasma.
The ball python is poisoned.
The ball python seems to slow down.
The ball python closely misses you. The ball python grabs you.
The ball python constricts you.
You escape the ball python's grasp.
The ball python is no longer moving slowly.
The foxfire hits the ball python.
You kill the ball python!
Found a fizzy silvery potion.
b - a fizzy silvery potion A worm comes into view.
There are no items here.
It was a potion of resistance.
You feel protected.
Jessica the Apprentice Sorceress comes into view.
She is wielding a +0 dagger and wearing a +2 robe of fire resistance.
Found an escape hatch in the floor.
Casting: Foxfire (safe; 7% risk of failure)
Confirm with . or Enter, or press ? or * to list all spells.
You conjure some foxfire!
Jessica shouts!
The foxfire hits Jessica but does no damage.
The foxfire hits Jessica.
Jessica resists.
Jessica is lightly wounded.
Jessica hits you with a +0 dagger.
You hit Jessica.
Jessica is poisoned.
Jessica is heavily wounded.
Jessica casts a spell at you. Pain shoots through your body!
Casting: Foxfire (safe; 7% risk of failure)
Confirm with . or Enter, or press ? or * to list all spells.
You conjure some foxfire!
Jessica gestures at you while chanting. Pain shoots through your body!
Ouch! That really hurt!
You die...

..>.##..#.####..##.#
....#..†...........#
#.#....#........####
#.#...##..#####.#
#........## ##w#
########## ..# ##
#.##.#####
#vv@...... ##@#>####
#.# #.# #.# #.#
####.#.# ..#.#.#
#.#.#.# #.#.#.#


You could see a worm and Jessica (very poisoned, ally target).

Vanquished Creatures
  An adder (D:2)
  A worm (D:2)
  3 ball pythons
  3 bats
  An endoplasm (D:2)
  4 hobgoblins
  4 jackals (D:2)
  4 goblins
  3 rats
24 creatures vanquished.

Vanquished Creatures (others)
  41 foxfires
41 creatures vanquished.

Grand Total: 65 creatures vanquished

Notes
Turn   | Place    | Note
-------+----------+-------------------------------------------
     0 | D:1      | theblackgale the Demonspawn Fire Elementalist began the
                  | quest for the Orb.
     0 | D:1      | Reached XP level 1. HP: 13/13 MP: 3/3
   125 | D:1      | Reached skill level 3 in Fire Magic
   141 | D:1      | Gained mutation: You may rarely emit foul miasma when
                  | damaged in melee. [demonic ancestry]
   141 | D:1      | Reached XP level 2. HP: 13/19 MP: 0/5
   161 | D:1      | You fall into a shaft and drop 1 floor!
   292 | D:2      | Gained mutation: You are frail. (-10% HP) [potion of
                  | mutation]
   325 | D:2      | Reached XP level 3. HP: 14/21 MP: 2/6
   415 | D:2      | Noticed Jessica
   420 | D:2      | Killed from afar by Jessica

Illustrated notes

Levels and vault maps discovered:
D:1:      dpeg_arrival_subterranean_lakeside_camping, layout_basic,
          serial_shops, nicolae_shop_behind_doors
D:2:      layout_loops_ring, minmay_tromino_v2, uniq_jessica

Skill      XL: |  1  2 |
---------------+-------+-----
Fire Magic     | 3 |  3.2
Stealth        | 2 |  2.0
Fighting       | |  0.2
Dodging        | |  1.8
Unarmed Combat | |  0.5
Spellcasting   | |  2.3
Conjurations   | |  1.5

Action                     || total
---------------------------++-------
  Melee: Unarmed           ||    21
         Mace              ||    10
         Punch             ||     1
   Cast: Foxfire           ||    29
  Evoke: Wand              ||     2
    Use: Scroll            ||     5
         Potion            ||     4
   Stab: Paralysed         ||     4
 Armour: Robe              ||     9
  Dodge: Dodged            ||    23

Table legend: (Time is in decaauts)
 A = Elapsed time spent in this place.
 B = Non-inter-level travel time spent in this place.
 C = Inter-level travel time spent in this place.
 D = Time resting spent in this place.
 E = Time spent auto-exploring this place.
 F = Levels seen in this place.
 G = Mean time per level.
                   A        B        C        D        E       F      G
               +--------+--------+--------+--------+--------+-----+--------+
         Total |    427 |    188 |    239 |     19 |      0 |   2 |  213.5 |
       Dungeon |    427 |    188 |    239 |     19 |      0 |   2 |  213.5 |
               +--------+--------+--------+--------+--------+-----+--------+

Top non-repeatable levels by time:
     D:2: 262 daAuts
     D:1: 165 daAuts
